AoeStats
← Fazer

Hill Fort

504457555Analyzed
4v4 RM · 25d ago on Sep 5, 2026· 40m 10s· 8 players
Game mode
Random Map
Map size
Large (8 player)
Population
200
Speed
Normal
Resources
Standard
Victory
Conquest
Starting age
Dark Age
Ending age
Imperial Age
RankedLock teamsTeams togetherTeam positionsShared explorationLock speedFull tech treeHidden civsTurbo modeCheats
Victory
Defeat
🇩🇪 Burgundians · Germany
1149
+14
🇮🇳 Bohemians · India
1134
+38
🇺🇸 Vikings · United States
1118
+15
🇹🇼 Huns · Taiwan
1107
+15
🇬🇷 Mongols · Greece
1101
-15
🇫🇮 Persians · Finland
1101
-15
🇨🇳 Bohemians · China
1085
-14
🇫🇷 Armenians · France
1085
-14
张维为
10:47 Feudal Age
16:31 Castle Age
14:52 Double-Bit Axe
14:55 Horse Collar
17:56 Bow Saw
19:19 Heavy Plow
20:29 Fervor
22:13 Wheelbarrow
24:36 Town Watch
30:06 Imperial Age
28:55 Hand Cart
30:51 Scale Mail Armor
31:01 Forging
31:50 Conscription
31:36 Hussite Reforms
31:06 Pikeman
31:46 Squires
32:32 Chain Mail Armor
34:03 Two-Man Saw
34:09 Plate Mail Armor
34:14 Iron Casting
35:54 Chemistry
34:22 Halberdier
37:13 Blast Furnace
Pegasus75
11:55 Feudal Age
13:04 Man-at-Arms
14:06 Long Swordsman
20:21 Castle Age
18:23 Arson
18:36 Horse Collar
20:23 Two-Handed Swordsman
22:04 Wheelbarrow
21:48 Pikeman
23:33 Squires
Fazer
9:00 Loom
11:40 Feudal Age
9:59 Loom
13:11 Double-Bit Axe
18:24 Castle Age
17:25 Horse Collar
18:58 Wheelbarrow
19:44 Bow Saw
21:53 Bloodlines
24:06 Husbandry
26:12 Hand Cart
26:26 Town Watch
27:34 Fletching
27:46 Padded Archer Armor
28:28 Bodkin Arrow
28:32 Gold Mining
29:32 Scale Barding Armor
29:43 Leather Archer Armor
30:10 Forging
32:01 Thumb Ring
36:44 Imperial Age
34:37 Ballistics
34:16 Murder Holes
34:32 Masonry
34:58 Heavy Plow
37:53 Conscription
37:34 Bracer
38:43 Chemistry
38:11 Elite Mangudai
39:22 Parthian Tactics
PaidatonPillastuja
9:41 Loom
11:58 Feudal Age
14:30 Double-Bit Axe
14:26 Horse Collar
19:07 Castle Age
27:20 Heavy Plow
29:52 Fletching
30:06 Town Watch
32:02 Wheelbarrow
32:48 Scale Barding Armor
32:56 Bow Saw
36:38 Imperial Age
34:28 Forging
35:13 Chain Barding Armor
35:48 Hand Cart
raman007
11:13 Feudal Age
11:36 Horse Collar
11:42 Double-Bit Axe
21:11 Castle Age
24:03 Heavy Plow
24:15 Bow Saw
26:04 Wheelbarrow
28:03 Pikeman
32:00 Imperial Age
31:37 Town Watch
33:41 Loom
34:18 Halberdier
35:23 Hussite Reforms
35:47 Hand Cart
37:05 Town Patrol
36:48 Elite Hussite Wagon
39:57 Chemistry
39:20 Ballistics
xoxodniw
11:56 Feudal Age
15:59 Castle Age
14:14 Double-Bit Axe
14:35 Horse Collar
15:14 Gold Mining
16:58 Wheelbarrow
17:23 Fletching
18:16 Padded Archer Armor
23:22 Bow Saw
25:12 Stone Mining
26:16 Bodkin Arrow
28:24 Gold Shaft Mining
28:45 Leather Archer Armor
28:38 Heavy Plow
29:55 Ballistics
29:22 Loom
34:03 Imperial Age
32:11 Scale Barding Armor
32:16 Forging
33:14 Chain Barding Armor
33:19 Hand Cart
33:34 Bloodlines
33:25 Husbandry
34:23 Iron Casting
34:18 Cavalier
35:35 Plate Barding Armor
37:00 Blast Furnace
35:34 Paladin
37:33 Town Watch
38:06 Guilds
40:46 Two-Man Saw
Marv
10:39 Feudal Age
9:06 Loom
9:53 Double-Bit Axe
9:50 Horse Collar
17:13 Castle Age
15:49 Bow Saw
17:20 Scale Barding Armor
17:28 Forging
17:29 Cavalier
18:38 Husbandry
18:40 Gold Mining
22:33 Gold Mining
25:30 Wheelbarrow
26:40 Hand Cart
29:40 Gold Shaft Mining
29:51 Iron Casting
31:05 Two-Man Saw
30:32 Fervor
31:17 Chain Barding Armor
36:48 Imperial Age
34:16 Town Watch
34:59 Fletching
34:52 Treadmill Crane
35:33 Ballistics
36:28 Bodkin Arrow
36:58 Paladin
39:02 Plate Barding Armor
40:11 Blast Furnace
michaelarendash
10:25 Feudal Age
10:54 Double-Bit Axe
11:07 Loom
16:47 Castle Age
14:45 Horse Collar
16:23 Stone Mining
16:25 Gold Mining
31:25 Imperial Age
28:20 Man-at-Arms
28:47 Gambesons
29:02 Squires
29:31 Arson
29:28 Long Swordsman
30:40 Scale Mail Armor
32:32 Conscription
31:37 Two-Handed Swordsman
32:28 Forging
32:34 Chain Mail Armor
33:41 Heavy Plow
33:38 Champion
34:53 Bow Saw
35:30 Iron Casting
35:25 Plate Mail Armor
35:31 Plate Mail Armor
37:23 Blast Furnace
Connection lost

Rejoining the realm…

Still unreachable

The connection could not be restored.

Session expired

The server has moved on; the page needs a fresh start.